 Dungeon Crawl Stone Soup version 0.19.5 (webtiles) character file.

2261 ihor the Blocker (level 9, 0/68 HPs)
             Began as a Formicid Fighter on May 7, 2017.
             Was a Believer of Elyvilon.
             Slain by a hornet (12 damage)
             ... on level 7 of the Dungeon.
             The game lasted 00:25:39 (5559 turns).

ihor the Blocker (Formicid Fighter)                 Turns: 5559, Time: 00:25:39

Health: 0/68       AC: 13    Str: 26    XL:     9   Next: 64%
Magic:  9/9        EV:  5    Int: 14    God:    Elyvilon [**....]
Gold:   365        SH: 23    Dex: 10    Spells: 0 memorised, 8 levels left

rFire  + + .     SeeInvis +     d - +0 scimitar
rCold  . . .     Gourm    .     o - +0 plate armour
rNeg   . . .     Faith    .     z - +0 large shield (curse)
rPois  +         Spirit   .     (helmet unavailable)
rElec  +         Reflect  +     (no cloak)
rCorr  +         Harm     .     (no gloves)
MR     .....                    e - +0 pair of boots
Stlth  ..........               u - +5 amulet of reflection
                                E - +3 ring of strength
                                q - ring of fire

@: brilliant, lethally poisoned (0 -> -14), resistant
A: permanent stasis, dig shafts and tunnels, four strong arms, antennae 3
a: Dig, Shaft Self, Lesser Healing, Heal Other, Divine Protection, Renounce
Religion


You were on level 7 of the Dungeon.
You worshipped Elyvilon.
Elyvilon was pleased with you.
You were very hungry.

You visited 2 branches of the dungeon, and saw 8 of its levels.

You collected 365 gold pieces.

Inventory:

Hand Weapons
 a - a +0 long sword
 d - a +0 scimitar (weapon)
Armour
 b - a +0 scale mail
 c - a +0 shield
 e - a +0 pair of boots (worn)
 l - a +0 ring mail
 o - a +0 plate armour (worn)
 z - a cursed +0 large shield (worn)
 B - a +0 cloak
Jewellery
 h - a cursed amulet of inaccuracy
 k - an uncursed ring of resist corrosion
 q - a ring of fire (left hand)
 u - a +5 amulet of reflection (around neck)
 A - a +4 amulet of reflection
 D - an uncursed ring of see invisible {unknown}
 E - a +3 ring of strength (right hand)
Wands
 n - a wand of digging (11/24)
 w - a wand of slowing (27/48)
 x - a wand of slowing (48/48)
Scrolls
 i - 3 scrolls of teleportation
 p - 7 scrolls of remove curse
 t - a scroll of enchant weapon {unknown}
 y - 3 scrolls of magic mapping
Potions
 m - 2 potions of flight
 H - a potion of agility
Books
 v - a book of Minor Magic

   Spells                             Type                      Level
   a - Magic Dart                     Conjuration                  1
   b - Blink                          Translocation                2
   c - Call Imp                       Summoning                    2
   d - Repel Missiles                 Charms/Air                   2
   e - Slow                           Hexes                        2
   f - Conjure Flame                  Conjuration/Fire             3
   g - Mephitic Cloud                 Conjuration/Poison/Air       3
Comestibles
 f - 5 bread rations
 g - a slice of pizza
 C - 2 beef jerkies


   Skills:
 + Level 5.2 Fighting
 * Level 8.2 Long Blades
 + Level 5.3 Armour
 - Level 0.1 Dodging
 - Level 0.3 Stealth
 * Level 9.6 Shields


You had 8 spell levels left.
You didn't know any spells.

Dungeon Overview and Level Annotations

Branches:
Dungeon (7/15)             Temple (1/1) D:4

Altars:
Ashenzari
Dithmenos
Elyvilon
Gozag
Hepliaklqana
Kikubaaqudgha
Makhleb
Nemelex Xobeh
Qazlal
Ru
Trog
Uskayaw
Vehumet
Xom
Yredelemnul


Innate Abilities, Weirdness & Mutations

You are under a permanent stasis effect.
You can dig through walls and to a lower floor.
Your four strong arms can wield two-handed weapons with a shield.
You have a pair of large antennae on your head. (SInv)


Message History

* * * LOW HITPOINT WARNING * * *
You are lethally poisoned!
Your stasis keeps you stable.
Unknown command.
It was a potion of berserk rage.
You cannot go berserk while under stasis.
* * * LOW HITPOINT WARNING * * *
You feel sick. You block the hornet's attack.
It was a potion of brilliance.
You feel clever all of a sudden.
* * * LOW HITPOINT WARNING * * *
You feel sick. You block the hornet's attack. x2
It was a potion of resistance.
You feel protected.
* * * LOW HITPOINT WARNING * * *
You feel sick. You block the hornet's attack.
It was a potion of cure mutation.
It has a very clean taste.
* * * LOW HITPOINT WARNING * * *
You feel sick. The hornet stings you!
You die...

##.###.......##
#.###.......##
#...#......## #...########
####### #...# #......
#...# #...... #...#####
#......######.###..)#
#......Fy@....###[#.#
#.......#####.....#.#
#.......#.....#####.######
#....##.#.....## #.......
#######.###....# ########
..........(.#
####.###....# ### ...
#....# #.. #....# #..


You could see a hornet and a bullfrog.

Vanquished Creatures
  Grinder (D:3)
  Sigmund (D:4)
  The ghost of greprep the Sneak, an amateur SpEn of Ashenzari (D:3)
  An ice beast (D:6)
  An orc warrior (D:5)
  3 phantoms
  A black bear (D:6)
  An ogre (D:6)
  2 centaurs
  A big kobold (D:7)
  A scorpion (D:5)
  A water moccasin skeleton (D:4)
  4 wights (D:6)
  3 jellies
  A crimson imp (D:5)
  3 hounds (D:5)
  An orc priest (D:5)
  An orc wizard (D:5)
  4 worker ants
  2 hound skeletons
  A worker ant zombie (D:5)
  Robin (D:4)
  7 adders
  3 gnolls (D:3)
  2 shadow imps
  An ooze (D:2)
  3 adder skeletons
  5 worms
  3 dart slugs (D:1)
  3 leopard geckos
  11 orcs
  4 giant cockroaches
  12 goblins
  12 hobgoblins
  14 jackals
  13 kobolds
  4 quokkas
  6 bats
  6 frilled lizards
  10 rats
155 creatures vanquished.

Notes
Turn   | Place    | Note
-------+----------+-------------------------------------------
     0 | D:1      | ihor the Formicid Fighter began the quest for the Orb.
     0 | D:1      | Reached XP level 1. HP: 18/18 MP: 1/1
    93 | D:1      | Reached XP level 2. HP: 17/24 MP: 2/2
   171 | D:1      | Reached XP level 3. HP: 16/30 MP: 3/3
   688 | D:2      | Reached skill level 4 in Shields
   848 | D:2      | Reached XP level 4. HP: 34/37 MP: 4/4
  1612 | D:3      | Found a bloodstained altar of Trog.
  1614 | D:3      | Noticed greprep's ghost (amateur SpEn)
  1656 | D:3      | Killed greprep's ghost
  1656 | D:3      | Reached XP level 5. HP: 17/42 MP: 5/5
  1656 | D:3      | Reached XP level 6. HP: 19/48 MP: 6/6
  1758 | D:3      | Noticed Grinder
  1761 | D:3      | Reached skill level 5 in Shields
  1787 | D:3      | Killed Grinder
  1787 | D:3      | Reached XP level 7. HP: 13/54 MP: 7/7
  1958 | D:3      | Reached skill level 6 in Shields
  2577 | D:4      | Reached skill level 5 in Long Blades
  2610 | D:4      | Noticed Robin
  2628 | D:4      | Killed Robin
  2735 | D:4      | Found a staircase to the Ecumenical Temple.
  2749 | Temple   | Entered the Ecumenical Temple
  2869 | Temple   | Became a worshipper of Elyvilon the Healer
  3199 | D:4      | Noticed Sigmund
  3244 | D:4      | Killed Sigmund
  3244 | D:4      | Reached skill level 7 in Shields
  3244 | D:4      | Reached XP level 8. HP: 26/61 MP: 8/8
  3535 | D:5      | Entered Level 5 of the Dungeon
  4022 | D:5      | Reached skill level 5 in Armour
  4114 | D:5      | Reached * piety under Elyvilon
  4480 | D:5      | Reached skill level 8 in Shields
  4587 | D:5      | Reached XP level 9. HP: 30/66 MP: 9/9
  4955 | D:6      | Reached skill level 5 in Fighting
  4955 | D:6      | Reached skill level 9 in Shields
  5045 | D:6      | Reached ** piety under Elyvilon
  5513 | D:7      | Noticed a hornet
  5559 | D:7      | Slain by a hornet

Skill      XL: |  1  2  3  4  5  6  7  8  9 |
---------------+----------------------------+-----
Shields        | 4 5 7 8 9 |  9.6
Fighting       | 4 5 |  5.2
Long Blades    | 3 4 5 7 8 |  8.2
Armour         | 4 5 |  5.3
Dodging        | |  0.1
Stealth        | |  0.3

Action                   |  1- 3 |  4- 6 |  7- 9 || total
-------------------------+-------+-------+-------++-------
Melee: Long sword        |    92 |   155 |       ||   247
       Scimitar          |       |       |   531 ||   531
 Abil: Dig               |       |     1 |     3 ||     4
  Use: Potion            |       |     1 |    10 ||    11
       Scroll            |       |       |     8 ||     8
  Eat: Chunk             |       |     3 |    13 ||    16
Armor: Scale mail        |    48 |     5 |       ||    53
       Plate armour      |       |    92 |   138 ||   230
Dodge: Dodged            |    43 |    32 |    46 ||   121
Block: Shield            |    50 |   104 |   205 ||   359
       Reflection        |       |       |    12 ||    12
       Large shield      |       |       |   271 ||   271
       Rpst.: Long sword |    12 |    13 |       ||    25
       Scimitar          |       |       |    16 ||    16
